Map: Sanctuary III LE

Players

RipNHammer - Winner!

  • Race: Terran Terran
  • League: Master
  • Spawn Location: 1:00

SweatyPalms

  • Race: Terran Terran
  • League: Master
  • Spawn Location: 7:00

VOD

Have the link to the VOD?

Description

Time

  • Played on: Sept. 7, 2026, 10:05 a.m.
  • Length: 5:39
Show
View Real Time Build Order
Export as new Build Order

RipNHammer Terran - Winner!

Build Orders:  

Get SALT Encoding   

  8  0:00  SCV  
  9  0:12  SCV  
  10  0:24  SCV  
  11  0:36  SCV  
  11  0:39  Supply Depot  
  12  0:49  SCV  
  13  1:01  SCV  
  13  1:02  Barracks  
  14  1:08  Refinery  
  14  1:13  SCV  
  14  1:17  Refinery  
  15  1:25  SCV  
  16  1:37  SCV  
  17  1:49  Reaper  
  17  1:50  Orbital Command  
  18  2:07  Factory  
  18  2:17  SCV  
  19  2:23  Reaper  
  19  2:27  Supply Depot  
  20  2:31  SCV  
  21  2:49  SCV  
  21  2:51  Hellion  
  24  2:54  Supply Depot  
  23  3:07  Reaper  
  23  3:11  SCV  
  23  3:12  Hellion  
  27  3:23  SCV  
  28  3:29  Starport  
  28  3:34  Hellion  
  30  3:35  SCV  
  30  3:40  Reaper  
  32  3:43  Supply Depot  
  32  3:48  SCV  
  33  3:55  Hellion  
  35  4:00  SCV  
  35  4:08  Liberator  
  38  4:12  SCV  
  39  4:17  Command Center  
  39  4:24  SCV  
  36  4:36  SCV, Marine  
  36  4:38  Hellion  
  40  4:48  SCV  
  41  4:55  Supply Depot  
  41  4:57  Marine  
  42  5:00  SCV  
  42  5:06  Starport Tech Lab  
  43  5:12  SCV  
  44  5:14  Factory Tech Lab  
  44  5:24  SCV  
Show
View Real Time Build Order
Export as new Build Order

SweatyPalms Terran 

Build Orders:  

Get SALT Encoding   

  8  0:00  SCV  
  9  0:12  SCV  
  10  0:24  SCV  
  11  0:28  Supply Depot  
  11  0:36  SCV  
  12  0:48  SCV  
  13  0:56  Barracks  
  13  1:04  Refinery  
  13  1:19  Barracks  
  13  1:40  Barracks  
  13  1:47  Reaper  
  14  1:57  Refinery  
  14  2:06  Reaper  
  15  2:10  SCV  
  16  2:23  Reaper  
  17  2:32  Reaper  
  18  2:41  Reaper  
  19  2:51  Supply Depot  
  18  3:09  Reaper x2  
  20  3:15  Reaper  
  20  3:17  SCV  
  22  3:32  SCV  
  23  3:43  Reaper x2  
  23  3:44  SCV  
  26  3:53  Reaper  
  25  4:17  Orbital Command, Reaper x2  
  27  4:27  Reaper  
  22  4:42  Factory  
  22  4:44  SCV  
  23  4:51  Reaper  
  24  4:53  Barracks Tech Lab  
  24  4:56  SCV  
  24  4:59  Supply Depot  
  25  5:02  Reaper  
  26  5:08  SCV  
  27  5:21  SCV  
Tags
 
Matchup
TvT
Race
Terran
Replay Pack
RipNHammer
Spawn Locations
Cross Positions
Add a new tag
Caveats
  • Supply blocks, unpowered buildings, or Contaminate may cause inaccurate times.
  • Supply counts are checked every 10 seconds.